 Dungeon Crawl Stone Soup version 0.21.1-1-g345015fe64 (webtiles) character file.

174 Naru the Firebug (level 5, -5/28 HPs)
             Began as a Deep Elf Fire Elementalist on June 9, 2018.
             Slain by Grinder (9 damage)
             ... while paralysed by Grinder
             ... on level 3 of the Dungeon.
             The game lasted 00:13:17 (4774 turns).

Naru the Firebug (Deep Elf Fire Elementalist)       Turns: 4774, Time: 00:13:17

Health: -5/28      AC:  2    Str:  5    XL:     5   Next: 28%
Magic:  4/14       EV:  2    Int: 21    God:
Gold:   184        SH:  0    Dex: 15    Spells: 7/13 levels left

rFire    . . .     SeeInvis .   d - +0 short sword
rCold    . . .     Gourm    .   (no shield)
rNeg     . . .     Faith    .   a - +0 robe
rPois    .         Spirit   .   (no helmet)
rElec    .         Reflect  .   (no cloak)
rCorr    .         Harm     +   (no gloves)
MR       .....                  (no boots)
Stlth    ++........             g - amulet of harm
HPRegen  0.09/turn              (no ring)
MPRegen  0.14/turn              (no ring)

@: paralysed
A: no striking features
a: no special abilities


You were on level 3 of the Dungeon.
You were not hungry.

You visited 1 branch of the dungeon, and saw 3 of its levels.

You collected 184 gold pieces.

Inventory:

Hand Weapons
 d - a +0 short sword (weapon)
Missiles
 h - 45 stones (quivered)
Armour
 a - a +0 robe (worn)
 i - a +0 buckler
Jewellery
 g - an amulet of harm (around neck)
Scrolls
 k - 3 scrolls of teleportation
 l - a scroll of fog {unknown}
 m - a scroll of remove curse
Potions
 c - a potion of flight {unknown}
 e - a potion of agility {unknown}
 f - 2 potions of curing
Books
 b - a book of Flames

   Spells                             Type                      Level
   a - Flame Tongue                   Conjuration/Fire             1
   b - Throw Flame                    Conjuration/Fire             2
   c - Conjure Flame                  Conjuration/Fire             3
   d - Inner Flame                    Hexes/Fire                   3
   e - Sticky Flame                   Conjuration/Fire             4
   f - Fireball                       Conjuration/Fire             5
 n - a book of Misfortune

   Spells                             Type                      Level
   a - Confusing Touch                Hexes                        1
   b - Confuse                        Hexes                        3
   c - Gell's Gravitas                Translocation                3
   d - Petrify                        Transmutation/Earth          4
   e - Metabolic Englaciation         Hexes/Ice                    5
   f - Yara's Violent Unravelling     Hexes/Transmutation          5
Comestibles
 j - a ration


   Skills:
 + Level 0.4 Short Blades
 * Level 3.3 Dodging
 * Level 3.2 Stealth
 * Level 4.7 Spellcasting
 + Level 1.9 Conjurations
 * Level 4.8 Fire Magic


You had 7 spell levels left.
You knew the following spells:

 Your Spells              Type           Power        Failure   Level  Hunger
a - Flame Tongue          Conj/Fire      ###..        2%          1    None
b - Throw Flame           Conj/Fire      ###...       4%          2    #......
c - Conjure Flame         Conj/Fire      ###.....     9%          3    ##.....


Dungeon Overview and Level Annotations

Branches:
Dungeon (3/15)

Altars:
Elyvilon
Nemelex Xobeh
Qazlal
Zin

Annotations:
D:3 Grinder


Message History

Grinder is heavily wounded.
Casting: Throw Flame
Confirm with . or Enter, or press ? or * to list all spells.
Aiming: Flame Tongue
Press: ? - help, Shift-Dir - straight line, f/p - Grinder
Aim: Grinder (heavily wounded)
The flame tongue hits Grinder.
Grinder is heavily wounded.
Grinder gestures at you.
You suddenly lose the ability to move!
Grinder gestures at you. You resist with significant effort.
Grinder gestures at you. Pain shoots through your body!
Ouch! That really hurt!
* * * LOW HITPOINT WARNING * * *
Grinder gestures at you. You resist with significant effort. Grinder hits you!
You die...

.........# #..#
...).....#........#..#
.........# .......#..#
..###....# ......#..#
..#...)..# .....#.##
.........# .(..#.#
.#.......# .g.#.#
.#.......#######5##.#
......(.........@...####
............##.........#
#..#.#.....######......#
#.##..#)#..### #......#
..###........####......#
..# #.....##...........#
..###.....#######......#
........#### ####...)..#
..#....##..###..##.....#


You could see Grinder and a goblin.

Vanquished Creatures
  Terence (D:1)
  5 adders
  An ooze (D:1)
  4 worms
  3 dart slugs (D:2)
  2 leopard geckos (D:1)
  4 orcs (D:3)
  3 giant cockroaches
  6 goblins
  9 hobgoblins
  7 jackals
  11 kobolds
  2 ball pythons
  8 bats
  4 frilled lizards
  7 rats
77 creatures vanquished.

Notes
Turn   | Place    | Note
-------+----------+-------------------------------------------
     0 | D:1      | Naru the Deep Elf Fire Elementalist began the quest for the Orb.
     0 | D:1      | Reached XP level 1. HP: 10/10 MP: 6/6
   244 | D:1      | Reached XP level 2. HP: 15/15 MP: 0/8
  1204 | D:1      | Reached XP level 3. HP: 18/19 MP: 2/10
  1710 | D:1      | Learned a level 2 spell: Throw Flame
  2569 | D:2      | Reached XP level 4. HP: 24/24 MP: 8/11
  2762 | D:2      | Found a sparkling altar of Nemelex Xobeh.
  3209 | D:2      | Noticed Terence
  3352 | D:1      | Killed Terence
  3894 | D:3      | Reached XP level 5. HP: 28/28 MP: 10/13
  4118 | D:3      | Found a white marble altar of Elyvilon.
  4207 | D:3      | Learned a level 3 spell: Conjure Flame
  4249 | D:3      | Found a stormy altar of Qazlal.
  4732 | D:3      | Found a glowing silver altar of Zin.
  4764 | D:3      | Noticed Grinder
  4770 | D:3      | Paralysed by Grinder for 6 turns
  4774 | D:3      | Slain by Grinder

Skill      XL: |  1  2  3  4 |
---------------+-------------+-----
Fire Magic     | 4 |  4.8
Dodging        | 3 |  3.3
Stealth        | 3 |  3.2
Spellcasting   | 4 |  4.7
Short Blades   | |  0.4
Conjurations   | |  1.9

Action                   |  1- 3 |  4- 6 || total
-------------------------+-------+-------++-------
Melee: Short sword       |    15 |    14 ||    29
Throw: Stone             |     1 |       ||     1
 Cast: Flame Tongue      |    59 |    17 ||    76
       Throw Flame       |    17 |    57 ||    74
       Conjure Flame     |       |     1 ||     1
  Use: Scroll            |     3 |     1 ||     4
  Eat: Chunk             |     1 |     5 ||     6
       Ration            |     1 |     1 ||     2
Armor: Robe              |    10 |     6 ||    16
Dodge: Dodged            |    32 |    26 ||    58
